 Dungeon Crawl Stone Soup version 0.28-a0-476-g0f06bd746f (webtiles) character file.

Game seed: 1365234464080739430

156 Armakuni the Cutter (level 5, -3/41 HPs)
             Began as a Human Wanderer on Sept 16, 2021.
             Killed by divine providence
             ... invoked by an orc priest
              (10 damage)
             ... on level 3 of the Dungeon.
             The game lasted 00:06:47 (2981 turns).

Armakuni the Cutter (Human Wanderer)                Turns: 2981, Time: 00:06:48

Health: -3/41      AC:  5    Str: 12    XL:     5   Next: 64%
Magic:  5/5        EV:  8    Int:  9    God:
Gold:   169        SH:  0    Dex: 17    Spells: 2/4 levels left

rFire   . . .      SeeInvis .   a - +5 dagger
rCold   . . .      Faith    .   (no shield)
rNeg    . . .      Spirit   .   c - +0 ring mail
rPois   .          Reflect  .   (no helmet)
rElec   .          Harm     .   (no cloak)
rCorr   .          Rampage  .   (no gloves)
Will    .....                   (no boots)
Stlth   +.........              (no amulet)
HPRegen 0.13/turn               (no ring)
MPRegen 0.09/turn               (no ring)

@: about to teleport, constricted
A: no striking features
a: no special abilities


You were on level 3 of the Dungeon.
You visited 1 branch of the dungeon, and saw 4 of its levels.

You collected 169 gold pieces.

Inventory:

Hand Weapons
 a - a +5 dagger (weapon)
 k - a +0 falchion
Missiles
 e - a throwing net
 g - 70 stones (quivered)
Armour
 c - a +0 ring mail (worn)
 i - a +1 scale mail
Magical Staves
 j - a staff of death
Scrolls
 f - a scroll of identify
 h - 3 scrolls of teleportation
Potions
 d - a potion of lignification


   Skills:
 + Level 3.0 Fighting
 + Level 3.2 Short Blades
 - Level 1.4(1.6) Maces & Flails
 - Level 1.0(1.3) Staves
 - Level 2.0 Throwing
 - Level 3.0 Armour
 + Level 2.4 Dodging


You had 2 spell levels left.
You knew the following spells:

 Your Spells              Type           Power      Damage    Failure   Level
b - Blink                 Tloc           N/A        N/A       78%         2

Your spell library contained the following spells:

 Spells                   Type           Power      Damage    Failure   Level
 Lesser Beckoning         Tloc           0%         N/A       95%         3
 Manifold Assault         Tloc           0%         N/A       100%        5


Dungeon Overview and Level Annotations

Branches:
Dungeon (4/15)
 Temple: D:4-7

Altars:
Makhleb


Message History

Unknown command.
You hit the orc priest.
The orc priest is moderately wounded.
The orc priest hits you with a +0 club.
You aren't carrying any items that you can evoke.
Unknown command.
As you read the scroll of teleportation, it crumbles to dust.
You feel strangely unstable. The orc priest hits you with a +0 club.
You hit the orc priest but do no damage.
The orc priest is moderately wounded.
The orc priest hits you with a +0 club.
You hit the orc priest.
The orc priest is moderately wounded.
The orc priest barely misses you.
You barely miss the orc priest.
The orc priest is moderately wounded.
Your surroundings suddenly seem different.
An orc comes into view. It is wielding a +0 short sword.
The orc shouts!
The orc priest shouts!
You hear a shout!
You hit the orc priest but do no damage.
The orc priest is moderately wounded.
As you read the scroll of teleportation, it crumbles to dust.
You feel strangely unstable. The orc priest hits you with a +0 club.
* * * LOW HITPOINT WARNING * * *
An orc comes into view. It is wielding a +0 war axe.
The orc priest begins to cast a cantrip, but forgets the words!
A ball python comes into view.
The orc priest begins to cast a cantrip, but forgets the words!
You puncture the orc priest!
The orc priest is almost dead.
The ball python bites you but does no damage.
The ball python grabs you. The ball python constricts you.
The orc hits you with a +0 falchion.
* * * LOW HITPOINT WARNING * * *
You hit the orc priest but do no damage.
The orc priest is almost dead.
The orc priest invokes the aid of Beogh against you.
Beogh smites you!
You die...

........................# ##..#
........................# #..##
........................#####.##
..............<........)#.....#
.........#.........)...#..#######
.#####.....#...o...†>.##.##......
.##....###.##.##########.##......
.#..##.##..#..o.### ##.##......
...##..##.##..#o@o# ##..##.##.##
.....†).g.##..###S## #..##..##.#
###...##....o.###o.###.###.###.#
##.>###.........##.........# #.#
...## #..##.o##.##)..####### #.#
....###...................# #.#
............######........# #.#
....#o.##........>...#....# #.#
...........#######...#....# #.#


You could see 2 orc priests, 2 orcs and a ball python.

Vanquished Creatures
  A centaur skeleton (D:4)
  4 adders
  2 worms
  3 dart slugs
  5 orcs
  8 ball pythons
  5 bats
  4 endoplasms
  7 giant cockroaches
  6 goblins
  4 hobgoblins
  5 quokkas
  3 frilled lizards
  8 kobolds
  10 rats
75 creatures vanquished.

Notes
Turn   | Place    | Note
-------+----------+-------------------------------------------
     0 | D:1      | Armakuni the Human Wanderer began the quest for the Orb.
     0 | D:1      | Armakuni set off with the following items: a +2 mace, a
                  | potion of curing, a +0 ring mail
     0 | D:1      | Reached XP level 1. HP: 16/16 MP: 1/1
    39 | D:1      | Reached XP level 2. HP: 18/22 MP: 2/2
   267 | D:1      | Reached skill level 1 in Short Blades
   417 | D:1      | Reached XP level 3. HP: 27/27 MP: 3/3
   917 | D:2      | Found a burning altar of Makhleb.
  1208 | D:2      | Reached XP level 4. HP: 29/33 MP: 4/4
  1294 | D:2      | Learned a level 2 spell: Blink
  2184 | D:3      | Reached XP level 5. HP: 39/39 MP: 5/5
  2674 | D:4      | Noticed an ogre
  2981 | D:3      | Killed from afar by an orc priest

Illustrated notes

Levels and vault maps discovered:
D:1:      dpeg_arrival_ratfight, layout_basic,
          dreamdust_ecumenical_altar_hidden_monk_grotto,
          minmay_misc_feat_plants, amcnicky_mini_corridor_feature,
          minmay_pentomino_w2
D:2:      layout_basic, basic_altar
D:3:      layout_rooms
D:4:      layout_basic, mainiacjoe_overflow_boulevard, uniq_menkaure

Skill      XL: |  1  2  3  4  5 |
---------------+----------------+-----
Short Blades   | 1 2 3 |  3.2
Dodging        | 2 |  2.4
Fighting       | 3 |  3.0
Maces & Flails | |  1.4
Staves         | |  1.0
Throwing       | |  2.0
Armour         | |  3.0

Action                   |  1- 3 |  4- 6 || total
-------------------------+-------+-------++-------
Melee: Mace              |    17 |       ||    17
       Dagger            |    77 |   142 ||   219
Throw: Stone             |     2 |       ||     2
  Use: Scroll            |     2 |     5 ||     7
       Potion            |       |     1 ||     1
Armor: Ring mail         |    40 |    35 ||    75
Dodge: Dodged            |    48 |    72 ||   120

Table legend: (Time is in decaauts)
 A = Elapsed time spent in this place.
 B = Non-inter-level travel time spent in this place.
 C = Inter-level travel time spent in this place.
 D = Time resting spent in this place.
 E = Time spent auto-exploring this place.
 F = Levels seen in this place.
 G = Mean time per level.
                   A        B        C        D        E       F      G
               +--------+--------+--------+--------+--------+-----+--------+
         Total |   2965 |   2819 |    146 |    597 |   1479 |   4 |  741.2 |
       Dungeon |   2965 |   2819 |    146 |    597 |   1479 |   4 |  741.2 |
               +--------+--------+--------+--------+--------+-----+--------+

Top non-repeatable levels by time:
     D:2: 1304 daAuts
     D:1: 741 daAuts
     D:3: 693 daAuts
     D:4: 225 daAuts
